 Dungeon Crawl Stone Soup version 0.30-a0-793-g160f7cfddd (webtiles) character file.

Game seed: 16154622094876035628

331 Esekla the Covert (level 6, -7/43 HPs)
             Began as an Octopode Delver on Feb 20, 2023.
             Was an Initiate of Gozag.
             Mangled by a lemure (9 damage)
             ... led by Pikel
             ... on level 4 of the Dungeon.
             The game lasted 00:29:09 (3461 turns).

Esekla the Covert (Octopode Delver)                 Turns: 3461, Time: 00:29:10

Health: -7/43      AC:  1    Str: 12    XL:     6   Next: 52%
Magic:  8/8        EV: 13    Int: 14    God:    Gozag
Gold:   654        SH:  0    Dex: 13    Spells: 8/8 levels left

rFire   + . .      SeeInvis .    s - +0 dagger
rCold   . . .      Faith    .    (no shield)
rNeg    + . .      Spirit   .    (helmet restricted)
rPois   .          Reflect  .    (no amulet)
rElec   .          Harm     .    q - ring of protection from fire
rCorr   .          Rampage  .    e - ring of positive energy
Will    .....                    (no ring)
Stlth   +++++                    (no ring)
HPRegen 0.27/turn                (no ring)
MPRegen 0.11/turn                (no ring)
                                 (no ring)
                                 (no ring)

@: no status effects
A: almost no armour, amphibious, 8 rings, camouflage 1, gelatinous body 1,
(nimble swimmer 1), tentacles
a: Renounce Religion, Potion Petition, Call Merchant, Bribe Branch


You were on level 4 of the Dungeon.
You worshipped Gozag.
Gozag was pleased with you.
You visited 2 branches of the dungeon, and saw 6 of its levels.

You collected 680 gold pieces.
You paid 26 gold pieces to Gozag.

Inventory:

Hand Weapons
 a - a +0 scimitar
 r - a +0 spear
 s - a +0 dagger (weapon)
Missiles
 j - 4 poisoned darts
 n - 5 boomerangs (quivered)
Jewellery
 e - a ring of positive energy (right tentacle)
 q - a ring of protection from fire (left tentacle)
Wands
 f - a wand of digging (3)
Scrolls
 b - 2 scrolls of fog
 c - a scroll of magic mapping
 i - a scroll of teleportation
 k - a scroll of noise {unknown}
 l - 2 scrolls of identify {unknown}
 t - a scroll of torment {unknown}
Potions
 d - a potion of resistance {unknown}
 g - 4 potions of curing
 h - a potion of degeneration {unknown}
 m - a potion of brilliance {unknown}
 p - a potion of cancellation {unknown}


   Skills:
 * Level 4.0 Fighting
 + Level 0.1(2.2) Short Blades
 * Level 3.6 Long Blades
 * Level 2.8 Dodging
 + Level 8.1 Stealth
 * Level 1.4 Shields
 * Level 1.6 Spellcasting


You had 8 spell levels left.
You didn't know any spells.
Your spell library contained the following spells:

 Spells                   Type           Power      Damage    Failure   Level
 Ensorcelled Hibernation  Hex/Ice        2%         N/A       36%         2
 Passwall                 Tmut/Erth      0%         N/A       36%         2
 Swiftness                Air            1%         N/A       58%         3


Dungeon Overview and Level Annotations

Branches:
Dungeon (5/15)             Temple (1/1) D:5

Altars:
Dithmenos
Elyvilon
Gozag
Uskayaw
The Shining One

Shops:
D:3 [

Annotations:
D:2 Sigmund
D:4 Dowan, Duvessa, Ijyb, Pikel


Innate Abilities, Weirdness & Mutations

You cannot wear most types of armour.
You are amphibious.
You can wear up to eight rings at the same time.
Your skin changes colour to match your surroundings (Stealth+).
Your rubbery body absorbs attacks. (AC +1, EV +1)
((You are camouflaged when in or above water. (Stealth+)))
You have tentacles for arms and can constrict up to eight enemies at once.


Message History

* * * LOW HITPOINT WARNING * * *
Pikel freezes you.
* * * LOW HITPOINT WARNING * * *
The lemure barely misses you.
Okay, then.
It was a potion of heal wounds.
You feel much better.
The lemure shouts!
The lemure hits you but does no damage. The lemure misses you.
Pikel hits you with a +1 whip of freezing!
Pikel freezes you.
* * * LOW HITPOINT WARNING * * *
The quokka completely misses you.
Unknown command.
The lemure hits you.
* * * LOW HITPOINT WARNING * * *
The lemure hits you.
* * * LOW HITPOINT WARNING * * *
You feel much better.
The quokka twitches its whiskers.
The quokka bites you. The lemure hits you. The quokka closely misses you.
The lemure attacks as you move away! The lemure barely misses you.
The lemure hits you. The lemure attacks as you move away!
The lemure misses you. The lemure attacks as you move away!
The lemure hits you!
* * * LOW HITPOINT WARNING * * *
The lemure attacks as you move away! The lemure hits you!
* * * LOW HITPOINT WARNING * * *
You feel much better. The lemure closely misses you.
The lemure barely misses you. The lemure hits you!
* * * LOW HITPOINT WARNING * * *
The iguana barely misses you. The lemure attacks as you move away!
The lemure hits you!
* * * LOW HITPOINT WARNING * * *
The lemure barely misses you.
Ijyb grins evilly.
The iguana closely misses you.
There is an escape hatch in the ceiling here.
The lemure closely misses you. The lemure hits you!
You die...
Your body crumbles into a pile of gold.

##..##### .. #..>....# ...
#.......######
.?.#####..#..###...####
......!...#...#.......#
.......##..g..5..#....5. $ .
......g.K....#.####...J5. ..
........l5o..#.# ...### ...
.......@5r.#..## .55#
....###......5..#...## ##.###
......#.........#....# ....
..##.............#...## #....
.......<.........###..##.....
#....###.#...###...........#
#......##.##..###.....##...##
...###.#..###.##...##.#...##
#
#...##....###...S.###.##...#


You could see Pikel, 4 lemures, Ijyb, an iguana, an orc, a quokka and a
hobgoblin (wandering).

Vanquished Creatures
  Eustachio (D:4)
  2 hounds
  Robin (D:3)
  3 adders
  2 worms (D:2)
  3 dart slugs
  An orc (D:3)
  5 endoplasms
  5 giant cockroaches
  13 goblins
  8 hobgoblins
  6 jackals
  5 quokkas
  7 ball pythons
  6 bats
  3 kobolds
  5 rats
76 creatures vanquished.

Notes
Turn   | Place    | Note
-------+----------+-------------------------------------------
     0 | D:5      | Esekla the Octopode Delver began the quest for the Orb.
     0 | D:5      | Reached XP level 1. HP: 16/16 MP: 1/1
     2 | D:5      | Noticed an iguana
    24 | D:5      | Noticed a jelly
    28 | D:5      | Noticed a jelly
    50 | D:5      | Found a staircase to the Ecumenical Temple.
    58 | D:5      | Noticed a hound
    61 | Temple   | Entered the Ecumenical Temple
   223 | D:5      | Noticed an iguana
   231 | D:5      | Noticed a hound
   260 | Temple   | Became a worshipper of Gozag Ym Sagoz the Greedy
   287 | D:5      | Noticed an iguana
   308 | D:5      | Killed a hound
   309 | D:5      | Reached skill level 7 in Stealth
   309 | D:5      | Reached XP level 2. HP: 16/21 MP: 1/3
   309 | D:5      | Reached XP level 3. HP: 19/26 MP: 1/4
   329 | D:4      | Noticed Duvessa
   331 | D:4      | Noticed Dowan
   337 | D:3      | Noticed a centaur
   351 | D:2      | Noticed Sigmund
   692 | D:3      | Found Qohumeon's Armour Emporium.
   818 | D:3      | Reached skill level 1 in Spellcasting
   922 | D:3      | Noticed Robin
   961 | D:3      | Reached XP level 4. HP: 19/31 MP: 5/5
   962 | D:3      | Killed Robin
  2011 | D:1      | Reached XP level 5. HP: 36/36 MP: 6/6
  2897 | D:4      | Found a white marble altar of Elyvilon.
  3073 | D:4      | Noticed Eustachio
  3301 | D:4      | Killed Eustachio
  3302 | D:4      | Reached skill level 8 in Stealth
  3302 | D:4      | Reached skill level 1 in Shields
  3302 | D:4      | Reached XP level 6. HP: 22/43 MP: 8/8
  3421 | D:4      | Noticed Ijyb
  3437 | D:4      | Noticed Pikel
  3458 | D:4      | HP: 2/43 [lemure[Pikel] (7)]
  3461 | D:4      | Mangled by a lemure

Illustrated notes

Levels and vault maps discovered:
D:1:      mrwooster_arrival_statue_2, layout_loops_ring,
          wad_floor_pattern_untrapped, kennysheep_boxes
D:2:      layout_loops_cross, nicolae_hexahallways, dk_noncrumbling_3,
          minmay_tiny_reverse_x, uniq_sigmund
D:3:      layout_basic, serial_shops, shop, chequers_serial_rivers_micro_b,
          uniq_robin
D:4:      layout_cave_pools, elyvilon_altar_5, uniq_duvessa, uniq_eustachio,
          uniq_pikel, uniq_ijyb
D:5:      layout_rooms, minmay_temple_entry_statues_fountains, minivault_25
Temple:   nicolae_temple_slightly_damp_pantheon

Skill      XL: |  1  2  3  4  5 |
---------------+----------------+-----
Stealth        | 7 8 |  8.1
Spellcasting   | 1 |  1.6
Long Blades    | 3 |  3.6
Fighting       | 4 |  4.0
Shields        | 1 |  1.4
Short Blades   | |  0.1
Dodging        | |  2.8

Action                     |  1- 3 |  4- 6 || total
---------------------------+-------+-------++-------
  Melee: Falchion          |    26 |    67 ||    93
         Constrict         |     7 |    24 ||    31
         Tentacles         |     2 |    20 ||    22
         Dagger            |     5 |    21 ||    26
         Punch             |       |     2 ||     2
         Scimitar          |       |    28 ||    28
    Use: Scroll            |     3 |       ||     3
         Potion            |     1 |     5 ||     6
   Stab: Sleeping          |     5 |    16 ||    21
         Distracted        |       |     2 ||     2
 Armour: Skin              |       |     6 ||     6
  Dodge: Dodged            |    19 |    81 ||   100

Table legend: (Time is in decaauts)
 A = Elapsed time spent in this place.
 B = Non-inter-level travel time spent in this place.
 C = Inter-level travel time spent in this place.
 D = Time resting spent in this place.
 E = Time spent auto-exploring this place.
 F = Levels seen in this place.
 G = Mean time per level.
                   A        B        C        D        E       F      G
               +--------+--------+--------+--------+--------+-----+--------+
         Total |   3438 |   3385 |     53 |    588 |    697 |   6 |  573.0 |
       Dungeon |   3311 |   3277 |     34 |    588 |    653 |   5 |  662.2 |
        Temple |    126 |    107 |     19 |      0 |     44 |   1 |  126.0 |
               +--------+--------+--------+--------+--------+-----+--------+

Top non-repeatable levels by time:
     D:3: 1430 daAuts
     D:2: 784 daAuts
     D:1: 672 daAuts
     D:4: 240 daAuts
     D:5: 183 daAuts
  Temple: 126 daAuts
